Unix NetHack Version 5.0.0-0 post-release - last build Jun 10 2026 00:39:30 (3ee93aec679c4c4259841fe613dc97188e26a321,branch:main).

Game began 2026-07-06 12:01:42, ended 2026-07-06 12:18:57.

HomunculusP, neutral male human Archeologist

               ----------       ------------
               |........|    ###...........-##
               |.........#####  |..........| ##
               |........|       |...........##
               -------.--       ------------ #
                      #                      ##
                      #                       ###
                     ##                         #
                     #         #############    #
              ---.---|--------             ######*#*#
              ........:......|                    ##--+---
              |..(...xe@.....|                     #|..<.|
              |.......f......|                     #|..`.|
              ----------------                     #-.....
                                                    --+---

HomunculusP the Field Worker  St:8 Dx:9 Co:16 In:15 Wi:13 Ch:9  Neutral
Dlvl:2  $:35 HP:0(29) Pw:14(15) AC:9  Xp:4 T:4258 

Latest messages:
 The iguana bites!
 You miss the iguana.
 The iguana bites!
 You lash the iguana.
 You lash the iguana.
 The iguana bites!
 You lash the iguana.
 The iguana bites!
 You miss the iguana.
 You kill the iguana!
 You see here a gnome corpse.
 There is a gnome corpse here; eat it? [ynq] (n) y
 Blecch!  Rotten food!
 Everything suddenly goes dark.
 You finish eating the gnome corpse.
 You can see again.
 What do you want to drink? [zBG or ?*] y
 That is a silly thing to drink.
 You lash the floating eye.
 You see no objects here.
 Pick a monster, object or location.
 Move cursor to a monster, object or location:
 You swap places with your large cat.
 The large cat bites the floating eye.
 The large cat is frozen by the floating eye's gaze!
 In what direction? 4
 The spell hits the floating eye!
 You kill the floating eye!
 You lash the floating eye.
 You are frozen by the floating eye's gaze!
 You hear someone cursing shoplifters.
 The gecko bites!
 The gecko bites!
 The gecko bites!
 The gecko bites!
 The gecko bites!
 The gecko bites!
 The gecko bites!
 The gecko bites!
 The gecko bites!
 The gecko bites!
 The gecko bites!
 The gecko bites!
 The gecko bites!
 The gecko bites!
 The gecko bites!
 You die...
 Do you want your possessions identified? [ynq] (y) y
 Do you want to see your attributes? [ynq] (y) y
 Do you want an account of creatures vanquished? [ynaq] (y) q

Inventory:
 Coins    ('$')
  $ - 35 gold pieces
 Weapons  (')')
  F - a +0 elven dagger
  y - 2 +0 orcish daggers
  j - a cursed -1 orcish dagger
  i - a rusty +0 spear
  a - a +2 bullwhip (weapon in right hand)
 Armor    ('[')
  c - a blessed +0 fedora (being worn)
  s - an uncursed +0 orcish helm
  v - an uncursed +0 orcish helm
  D - an uncursed +0 orcish helm
  H - an uncursed +0 orcish helm
  b - an uncursed +0 leather jacket (being worn)
 Comestibles  ('%')
  o - an uncursed clove of garlic
  w - an uncursed partly eaten food ration
  A - an uncursed lichen corpse
 Scrolls  ('?')
  t - a blessed scroll of confuse monster
 Spellbooks  ('+')
  n - an uncursed spellbook of force bolt
 Potions  ('!')
  G - an uncursed potion of object detection
  B - an uncursed potion of see invisible
  z - an uncursed potion of water
 Rings    ('=')
  l - a cursed ring of hunger
 Tools    ('(')
  h - an empty uncursed sack
  r - an uncursed credit card
  e - a corroded +0 pick-axe (alternate weapon; not wielded)
  E - an uncursed skeleton key
  f - a tinning kit (0:82)
 Gems/Stones  ('*')
  p - an uncursed worthless piece of violet glass
  u - an uncursed worthless piece of white glass
  C - 2 uncursed worthless pieces of yellow glass
  g - an uncursed touchstone

HomunculusP the Archeologist's attributes:

Background:
 You were a Field Worker, a level 4 male human Archeologist.
 You were neutral, nominally on a mission for Camaxtli
 who was opposed by Quetzalcoatl (lawful) and Huhetotl (chaotic).
 You were right-handed.
 You were in the Dungeons of Doom, on level 2.
 You entered the dungeon 4258 turns ago.
 You had 125 experience points, 35 more were needed to attain level 5.

Basics:
 You had 0 out of 29 hit points.
 You had 14 out of 15 energy points (spell power).
 Your armor class was 9.
 Your wallet contained 35 zorkmids.
 Autopickup was off.

Final Characteristics:
 Your strength was 8 (peak:12, limit:18/100).
 Your dexterity was 9 (limit:18).
 Your constitution was 16 (limit:18).
 Your intelligence was 15 (limit:18).
 Your wisdom was 13 (limit:18).
 Your charisma was 9 (limit:18).

Final Status:
 You weren't hungry.
 You were unencumbered.
 You were wielding a whip.
 You had basic skill with whip.

Final Attributes:
 You were piously aligned.
 You had automatic searching.
 You were lucky.
 You are dead.

Miscellaneous:
 You didn't encounter any bones levels.
 Total elapsed playing time was 17 minutes and 12 seconds.

Major events:
 Turn
    1: HomunculusP the neutral male human Archeologist entered the dungeon
 1946: attained the rank of Field Worker (level 3)
 4258: killed by a gecko, while frozen by a floating eye's gaze

Spells:
 Name                 Level Category     Fail Retention
 force bolt             1   attack         3%  76%-100%

Skills:
 Fighting Skills
   bare handed combat [Unskilled]
   two weapon combat  [Unskilled]
   riding             [Unskilled]
 Weapon Skills
   dagger             [Unskilled]
   knife              [Unskilled]
   pick-axe           [Basic]
   short sword        [Unskilled]
   saber              [Unskilled]
   club               [Unskilled]
   quarterstaff       [Unskilled]
   sling              [Unskilled]
   dart               [Unskilled]
   boomerang          [Unskilled]
   whip               [Basic]
   unicorn horn       [Unskilled]
 Spellcasting Skills
   attack spells      [Unskilled]
   healing spells     [Unskilled]
   divination spells  [Unskilled]
   matter spells      [Unskilled]

Voluntary challenges:
 Character rerolling was not enabled.
 You were an atheist.
 You never genocided any monsters.
 You never polymorphed an object.
 You never changed form.
 You used no wishes.
Achievement:
 You attained the rank of Field Worker.

 The Dungeons of Doom: levels 1 to 2
    Level 1:
    Level 2: <- You were here.
       Final resting place for
          you, killed by a gecko, while frozen by a floating eye's gaze.


Vanquished creatures:
  2 shriekers
  a floating eye
  a homunculus
  a giant bat
  2 iguanas
 an acid blob
  2 coyotes
  4 gas spores
  a hobbit
  a large kobold
  a gnome
  2 gnome zombies
  6 geckos
  9 jackals
  a fox
  2 kobolds
  8 goblins
  a sewer rat
  5 grid bugs
  a bat
  7 lichens
  3 kobold zombies
  9 newts
71 creatures vanquished.

No species were genocided or became extinct.

Game over:
                       ----------
                      /          \
                     /    REST    \
                    /      IN      \
                   /     PEACE      \
                  /                  \
                  |   HomunculusP    |
                  |      35 Au       |
                  |   killed by a    |
                  |      gecko       |
                  |                  |
                  |                  |
                  |       2026       |
                 *|     *  *  *      | *
        _________)/\\_//(\/(/\)/\//\/|_)_______

Goodbye HomunculusP the Archeologist...

You died in The Dungeons of Doom on dungeon level 2 with 582 points,
and 35 pieces of gold, after 4258 moves.
You were level 4 with a maximum of 29 hit points when you died.

